PL
AUSTIN RANGERS @ ATLANTA SMOKE
08/06/2027
 
TOP OF THE 1ST
Austin Rangers batting - Pitching for Atlanta Smoke : LHP Manuel Rojas
Pitching: LHP Manuel Rojas
Batting: SHB Carlos Kramer 0-0: Called Strike
0-1: Ball
1-1: Foul Ball, location: 2F
1-2: Strikes out swinging
Batting: RHB Matt Sheppard 0-0: Fly out, F9 (Flyball, 9LMF)
Batting: RHB Jeff Green 0-0: Called Strike
0-1: Called Strike
0-2: Strikes out looking
Top of the 1st over - 0 run(s), 0 hit(s), 0 error(s), 0 left on base; Austin 0 - Atlanta 0
BOTTOM OF THE 1ST
Atlanta Smoke batting - Pitching for Austin Rangers : RHP John Wilkins
Pitching: RHP John Wilkins
Batting: RHB Bartolo Morales 0-0: Ground out 6-3 (Groundball, 6)
Batting: LHB Albert Morán 0-0: Ball
1-0: Ball
2-0: Fly out, F4 (Popup, 34D)
Batting: RHB Gabriel Maldonado 0-0: Ball
1-0: Ground out 6-3 (Groundball, 6)
Bottom of the 1st over - 0 run(s), 0 hit(s), 0 error(s), 0 left on base; Austin 0 - Atlanta 0
TOP OF THE 2ND
Austin Rangers batting - Pitching for Atlanta Smoke : LHP Manuel Rojas
Batting: LHB Jesús Reyes 0-0: Swinging Strike
0-1: Foul Ball, location: 2F
0-2: Foul Ball, location: 2F
0-2: Ground out 1-3 (Groundball, 13S)
Batting: SHB Xavier Vásquez 0-0: Ball
1-0: Called Strike
1-1: Swinging Strike
1-2: Foul Ball, location: 2F
1-2: Foul Ball, location: 2F
1-2: Ground out 1-3 (Groundball, 13S)
Batting: RHB Tony Hernández 0-0: Called Strike
0-1: Ball
1-1: Foul Ball, location: 2F
1-2: Foul Ball, location: 2F
1-2: Foul Ball, location: 2F
1-2: SINGLE (Line Drive, 89M)
Batting: LHB Héctor Cortéz 0-0: Ball
1-0: Fly out, F6 (Line Drive, 6)
Top of the 2nd over - 0 run(s), 1 hit(s), 0 error(s), 1 left on base; Austin 0 - Atlanta 0
BOTTOM OF THE 2ND
Atlanta Smoke batting - Pitching for Austin Rangers : RHP John Wilkins
Batting: RHB Layton Templeman 0-0: Ball
1-0: Ball
2-0: Swinging Strike
2-1: Ground out 6-3 (Groundball, 6)
Batting: RHB Travis Newsome 0-0: Ball
1-0: Ball
2-0: Called Strike
2-1: Ball
3-1: Swinging Strike
3-2: Foul Ball, location: 2F
3-2: Strikes out looking
Batting: LHB Bernardo Elías 0-0: Fly out, F8 (Flyball, 78M)
Bottom of the 2nd over - 0 run(s), 0 hit(s), 0 error(s), 0 left on base; Austin 0 - Atlanta 0
TOP OF THE 3RD
Austin Rangers batting - Pitching for Atlanta Smoke : LHP Manuel Rojas
Batting: RHB Rodney Hanna 0-0: Fly out, F9 (Line Drive, 9)
Batting: RHB José Muñóz 0-0: Ball
1-0: Foul Ball, location: 2F
1-1: SINGLE (Line Drive, 78S)
Batting: SHB Carlos Kramer 0-0: Called Strike
0-1: Ball
1-1: Ball
2-1: Swinging Strike
2-2: Strikes out swinging
Batting: RHB Matt Sheppard 0-0: Ball
1-0: Fielders Choice at 2nd, 6-4 (Groundball, 6)
Top of the 3rd over - 0 run(s), 1 hit(s), 0 error(s), 0 left on base; Austin 0 - Atlanta 0
BOTTOM OF THE 3RD
Atlanta Smoke batting - Pitching for Austin Rangers : RHP John Wilkins
Batting: RHB Clarence Fox 0-0: Called Strike
0-1: Swinging Strike
0-2: Ball
1-2: Foul Ball, location: 2F
1-2: Foul Ball, location: 2F
1-2: Ball
2-2: Ground out 5-3 (Groundball, 5S)
Batting: RHB Gerardo Castillo 0-0: Ball
1-0: Foul Ball, location: 2F
1-1: Called Strike
1-2: Strikes out looking
Batting: RHB Alfredo Méndez 0-0: Ball
1-0: Ball
2-0: Swinging Strike
2-1: Foul Ball, location: 2F
2-2: Strikes out swinging
Bottom of the 3rd over - 0 run(s), 0 hit(s), 0 error(s), 0 left on base; Austin 0 - Atlanta 0
TOP OF THE 4TH
Austin Rangers batting - Pitching for Atlanta Smoke : LHP Manuel Rojas
Batting: RHB Jeff Green 0-0: Swinging Strike
0-1: Ball
1-1: Called Strike
1-2: Foul Ball, location: 2F
1-2: SINGLE (Groundball, 6D)
Batting: LHB Jesús Reyes 0-0: Swinging Strike
0-1: Ball
1-1: Fly out, F8 (Flyball, 8RD)
Batting: SHB Xavier Vásquez 0-0: Fly out, F5 (Popup, 56)
Batting: RHB Tony Hernández 0-0: Ball
1-0: Foul Ball, location: 2F
1-1: Swinging Strike
1-2: Ball
2-2: Ball
3-2: Strikes out swinging
Top of the 4th over - 0 run(s), 1 hit(s), 0 error(s), 1 left on base; Austin 0 - Atlanta 0
BOTTOM OF THE 4TH
Atlanta Smoke batting - Pitching for Austin Rangers : RHP John Wilkins
Batting: RHB Bartolo Morales 0-0: Ball
1-0: Ball
2-0: Called Strike
2-1: Ball
3-1: Reached via error on a dropped throw, E3
Batting: LHB Albert Morán 0-0: Called Strike
0-1: Ball
1-1: Foul Ball, location: 2F
1-2: Foul Ball, location: 2F
1-2: Ball
2-2: Foul Ball, location: 2F
2-2: 2-RUN HOME RUN (Line Drive, 9LD), Distance : 354 ft
Batting: RHB Gabriel Maldonado 0-0: Ground out 6-3 (Groundball, 6)
Batting: RHB Layton Templeman 0-0: Foul Ball, location: 2F
0-1: Called Strike
0-2: Ball
1-2: Ball
2-2: Fly out, F8 (Flyball, 8RM)
Batting: RHB Travis Newsome 0-0: Fly out, F8 (Flyball, 8LS)
Bottom of the 4th over - 2 run(s), 1 hit(s), 1 error(s), 0 left on base; Austin 0 - Atlanta 2
TOP OF THE 5TH
Austin Rangers batting - Pitching for Atlanta Smoke : LHP Manuel Rojas
Batting: LHB Héctor Cortéz 0-0: DOUBLE (Line Drive, 89D)
Batting: RHB Rodney Hanna 0-0: Called Strike
0-1: Ball
1-1: Fly out, F7 (Flyball, 7S)
Batting: RHB José Muñóz 0-0: Called Strike
0-1: Called Strike
0-2: Ball
1-2: Ball
2-2: Fly out, F8 (Flyball, 8RD)
Runner from 2nd tags up, SAFE at 3rd, no throw
Batting: SHB Carlos Kramer 0-0: Swinging Strike
0-1: Ball
1-1: Swinging Strike
1-2: SINGLE (Groundball, 56D)
Héctor Cortéz scores
Batting: RHB Matt Sheppard 0-0: Ball
1-0: Ball
2-0: Called Strike
2-1: TRIPLE (Flyball, 78XD)
Carlos Kramer scores
Batting: RHB Jeff Green 0-0: Called Strike
0-1: Ball
1-1: Ball
2-1: Ball
3-1: Called Strike
3-2: Foul Ball, location: 2F
3-2: Foul Ball, location: 2F
3-2: Fly out, F7 (Line Drive, 7LD)
Top of the 5th over - 2 run(s), 3 hit(s), 0 error(s), 1 left on base; Austin 2 - Atlanta 2
BOTTOM OF THE 5TH
Atlanta Smoke batting - Pitching for Austin Rangers : RHP John Wilkins
Batting: LHB Bernardo Elías 0-0: Ground out 3-1 (Groundball, 34)
Batting: RHB Clarence Fox 0-0: Foul Ball, location: 2F
0-1: Swinging Strike
0-2: Ball
1-2: Foul Ball, location: 2F
1-2: Foul Ball, location: 2F
1-2: Strikes out swinging
Batting: RHB Gerardo Castillo 0-0: Called Strike
0-1: Ball
1-1: Ground out U3 (Groundball, 34S)
Bottom of the 5th over - 0 run(s), 0 hit(s), 0 error(s), 0 left on base; Austin 2 - Atlanta 2
TOP OF THE 6TH
Austin Rangers batting - Pitching for Atlanta Smoke : LHP Manuel Rojas
Batting: LHB Jesús Reyes 0-0: Ball
1-0: Ball
2-0: Called Strike
2-1: Swinging Strike
2-2: Ball
3-2: Foul Ball, location: 2F
3-2: Ground out U3 (Groundball, 34S)
Batting: SHB Xavier Vásquez 0-0: SINGLE (Line Drive, 78S)
Batting: RHB Tony Hernández 0-0: Ball
1-0: Ball
Xavier Vásquez steals 2nd base
2-0: Ball
3-0: Base on Balls
Batting: LHB Héctor Cortéz 0-0: SINGLE (Line Drive, 8LS)
Xavier Vásquez to third
Tony Hernández to second
Batting: RHB Rodney Hanna 0-0: Ball
1-0: Foul Ball, location: 2F
1-1: Grounds into double play, 5-4-3 (Groundball, 56)
Top of the 6th over - 0 run(s), 2 hit(s), 0 error(s), 2 left on base; Austin 2 - Atlanta 2
BOTTOM OF THE 6TH
Atlanta Smoke batting - Pitching for Austin Rangers : RHP John Wilkins
Batting: RHB Alfredo Méndez 0-0: Called Strike
0-1: Ground out 6-3 (Groundball, 6)
Batting: RHB Bartolo Morales 0-0: Called Strike
0-1: Fly out, F8 (Flyball, 78S)
Batting: LHB Albert Morán 0-0: Foul Ball, location: 2F
0-1: Ball
1-1: Ball
2-1: DOUBLE (Line Drive, 9D)
Batting: RHB Gabriel Maldonado 0-0: Ball
1-0: Called Strike
1-1: Ball
2-1: Foul Ball, location: 2F
2-2: Foul Ball, location: 2F
2-2: Foul Ball, location: 2F
2-2: Foul Ball, location: 2F
2-2: Fly out, F7 (Flyball, 7)
Bottom of the 6th over - 0 run(s), 1 hit(s), 0 error(s), 1 left on base; Austin 2 - Atlanta 2
TOP OF THE 7TH
Austin Rangers batting - Pitching for Atlanta Smoke : LHP Manuel Rojas
Batting: RHB José Muñóz 0-0: Ground out 5-3 (Groundball, 56D)
Pinch Hitting: RHB Joseph Gray 0-0: SINGLE (Line Drive, 6)
Batting: RHB Matt Sheppard 0-0: Ball
1-0: Ball
2-0: SINGLE (Groundball, 56D)
Joseph Gray to second
Batting: RHB Jeff Green 0-0: Foul Ball, location: 2F
0-1: Foul Ball, location: 2F
0-2: Ball
1-2: Strikes out looking
Batting: LHB Jesús Reyes 0-0: Ball
1-0: Ground out 4-3 (Groundball, 34)
Top of the 7th over - 0 run(s), 2 hit(s), 0 error(s), 2 left on base; Austin 2 - Atlanta 2
BOTTOM OF THE 7TH
Atlanta Smoke batting - Pitching for Austin Rangers : RHP John Wilkins
Now in RF: Enrique Sánchez
Batting: RHB Layton Templeman 0-0: Called Strike
0-1: Ball
1-1: Foul Ball, location: 2F
1-2: Ground out 5-3 (Groundball, 5)
Batting: RHB Travis Newsome 0-0: Foul Ball, location: 2F
0-1: Foul Ball, location: 2F
0-2: Ball
1-2: Fly out, F8 (Flyball, 8LS)
Batting: LHB Bernardo Elías 0-0: Called Strike
0-1: Swinging Strike
0-2: Foul Ball, location: 2F
0-2: Strikes out swinging
Bottom of the 7th over - 0 run(s), 0 hit(s), 0 error(s), 0 left on base; Austin 2 - Atlanta 2
TOP OF THE 8TH
Austin Rangers batting - Pitching for Atlanta Smoke : LHP Manuel Rojas
Batting: SHB Xavier Vásquez 0-0: Ball
1-0: Foul Ball, location: 2F
1-1: Ground out 6-3 (Groundball, 6)
Batting: RHB Tony Hernández 0-0: Ball
1-0: Foul Ball, location: 2F
1-1: Foul Ball, location: 2F
1-2: Strikes out swinging
Batting: LHB Héctor Cortéz 0-0: Ball
1-0: Ball
2-0: Ball
3-0: Called Strike
3-1: Base on Balls
Pitching: RHP Bruce Hamilton
Batting: RHB Rodney Hanna 0-0: Called Strike
0-1: Foul Ball, location: 2F
0-2: Ball
1-2: SINGLE (Line Drive, 6M)
Héctor Cortéz to second
Batting: RHB José Muñóz 0-0: Foul Ball, location: 2F
0-1: Swinging Strike
0-2: Fly out, F7 (Flyball, 78D)
Top of the 8th over - 0 run(s), 1 hit(s), 0 error(s), 2 left on base; Austin 2 - Atlanta 2
BOTTOM OF THE 8TH
Atlanta Smoke batting - Pitching for Austin Rangers : RHP John Wilkins
Batting: RHB Clarence Fox 0-0: Foul Ball, location: 2F
0-1: Ground out 5-3 (Groundball, 5L)
Batting: RHB Gerardo Castillo 0-0: Fly out, F8 (Flyball, 8LM)
Batting: RHB Alfredo Méndez 0-0: Ball
1-0: Swinging Strike
1-1: Called Strike
1-2: Fly out, F8 (Flyball, 8RS)
Bottom of the 8th over - 0 run(s), 0 hit(s), 0 error(s), 0 left on base; Austin 2 - Atlanta 2
TOP OF THE 9TH
Austin Rangers batting - Pitching for Atlanta Smoke : RHP Bruce Hamilton
Pitching: RHP Iván García
Batting: LHB Enrique Sánchez 0-0: Ball
1-0: Foul Ball, location: 2F
1-1: Foul Ball, location: 2F
1-2: Foul Ball, location: 2F
1-2: Ball
Error on foul ball, E2
2-2: SINGLE (Flyball, 78S)
Batting: RHB Matt Sheppard 0-0: Bunted foul
0-1: Bunted foul
0-2: Strikes out swinging
Batting: RHB Jeff Green 0-0: Grounds into double play, 5-4-3 (Groundball, 56)
Top of the 9th over - 0 run(s), 1 hit(s), 1 error(s), 0 left on base; Austin 2 - Atlanta 2
BOTTOM OF THE 9TH
Atlanta Smoke batting - Pitching for Austin Rangers : RHP John Wilkins
Batting: RHB Bartolo Morales 0-0: Called Strike
0-1: Fly out, F8 (Flyball, 8LM)
Batting: LHB Albert Morán 0-0: Ball
1-0: Ball
2-0: SINGLE (Line Drive, 8LS)
Pitching: RHP Gavin Blackburn
Batting: RHB Gabriel Maldonado 0-0: Called Strike
0-1: Called Strike
0-2: Ball
1-2: Ball
2-2: Fly out, F9 (Flyball, 9S)
Batting: RHB Layton Templeman 0-0: Called Strike
0-1: Ball
1-1: Swinging Strike
1-2: Ball
2-2: Ball
Albert Morán steals 2nd base
3-2: Strikes out looking
Bottom of the 9th over - 0 run(s), 1 hit(s), 0 error(s), 1 left on base; Austin 2 - Atlanta 2
TOP OF THE 10TH
Austin Rangers batting - Pitching for Atlanta Smoke : RHP Iván García
Batting: LHB Jesús Reyes 0-0: Called Strike
0-1: SINGLE (Groundball, 6MD)
Batting: SHB Xavier Vásquez 0-0: Called Strike
0-1: Ball
1-1: Foul Ball, location: 2F
1-2: Strikes out looking
Batting: RHB Tony Hernández 0-0: Called Strike
0-1: Ball
1-1: Called Strike
1-2: Ball
2-2: Ground out 4-3 (Groundball, 4S)
Jesús Reyes to second
Batting: LHB Héctor Cortéz 0-0: Ball
1-0: Ball
2-0: Fly out, F8 (Line Drive, 8LM)
Top of the 10th over - 0 run(s), 1 hit(s), 0 error(s), 1 left on base; Austin 2 - Atlanta 2
BOTTOM OF THE 10TH
Atlanta Smoke batting - Pitching for Austin Rangers : RHP Gavin Blackburn
Batting: RHB Travis Newsome 0-0: Foul Ball, location: 2F
0-1: Foul Ball, location: 2F
0-2: Strikes out swinging
Batting: LHB Bernardo Elías 0-0: Ball
1-0: Called Strike
1-1: SINGLE (Flyball, 8LS)
Pinch Hitting: LHB Willis Baker Balk!
Bernardo Elías to second
0-0: Fly out, F9 (Flyball, 9)
Batting: RHB Gerardo Castillo 0-0: DOUBLE (Line Drive, 9LS)
Bernardo Elías scores
Saturday, May 26th, 2018 - OOTP Baseball 17.12 Build 75